 Dungeon Crawl Stone Soup version 0.23-a0-837-ga3e6480 (webtiles) character file.

504 poirepourri the Chopper (level 6, -11/36 HPs)
             Began as a Deep Elf Fighter on Jan 24, 2019.
             Mangled by Pikel
             ... wielding a +0 whip of electrocution
              (20 damage)
             ... on level 4 of the Dungeon.
             The game lasted 00:04:07 (4252 turns).

poirepourri the Chopper (Deep Elf Fighter)          Turns: 4252, Time: 00:04:08

Health: -11/36     AC:  7    Str: 13    XL:     6   Next: 96%
Magic:  8/8        EV:  6    Int: 13    God:
Gold:   165        SH: 10    Dex: 16    Spells: 5/5 levels left

rFire    . . .     SeeInvis +   a - +0 war axe
rCold    . . .     Gourm    .   c - +2 shield
rNeg     . . .     Faith    .   b - +0 scale mail
rPois    .         Spirit   .   (no helmet)
rElec    .         Reflect  .   (no cloak)
rCorr    .         Harm     .   d - +0 pair of gloves
MR       .....                  (no boots)
Stlth    ..........             (no amulet)
HPRegen  0.12/turn              e - ring of see invisible
MPRegen  0.11/turn              j - ring of flight

@: no status effects
A: no striking features
a: Evoke Flight


You were on level 4 of the Dungeon.
You were very full.

You visited 1 branch of the dungeon, and saw 4 of its levels.

You collected 165 gold pieces.

Inventory:

Hand Weapons
 a - a +0 war axe (weapon)
Armour
 b - a +0 scale mail (worn)
 c - a +2 shield (worn)
 d - a +0 pair of gloves (worn)
Jewellery
 e - a ring of see invisible (left hand)
 j - a ring of flight (right hand)
Scrolls
 h - 4 scrolls of remove curse
 l - 3 scrolls of identify {unknown}
 p - 2 scrolls of enchant armour
 q - a scroll of teleportation {unknown}
Potions
 o - a potion of flight {unknown}
Comestibles
 f - a ration


   Skills:
 - Level 2.4 Fighting
 + Level 6.3 Axes
 - Level 2.4 Armour
 - Level 2.4 Shields


You had 5 spell levels left.
You didn't know any spells.
Your spell library was empty.

Dungeon Overview and Level Annotations

Branches:
Dungeon (4/15)
 Temple: D:4-7

Altars:
Sif Muna

Annotations:
D:4 Pikel


Message History

Unknown command.
The orc wizard hits you but does no damage.
You block Pikel's attack. The slave hits you. You block Pikel's attack.
The orc wizard hits you but does no damage.
The orc priest casts a cantrip, but nothing happens.
You block the orc wizard's attack. The slave hits you but does no damage.
The orc wizard points at you and mumbles some strange words.
The puff of frost hits you.
The orc priest calls upon Beogh to heal the orc.
The orc's wounds heal themselves!
There is a stone staircase leading up here.
The orc wizard miscasts a cantrip.
You block the slave's attack.
Pikel hits you with a +0 whip of electrocution!
* * * LOW HITPOINT WARNING * * *
You are electrocuted!!
Ouch! That really hurt!
You die...

.....>.....# .
##.......... ..
...#....)...# ...
........o..#
.....#$#.#.....##
....###.......o.###
..............o.o.#
.........p..ppKp..###
#...รทรท.####o@.....#
#....p.###.......##
.K...###..#......###
... ##.....#..# .
#.........#
###.......# ###....##
##..## ###


You could see Pikel, 4 slaves, an orc priest, an orc wizard and 3 orcs.

Vanquished Creatures
  An ogre (D:4)
  A hound (D:4)
  Crazy Yiuf (D:2)
  An orc priest (D:4)
  4 orc wizards (D:4)
  An iguana (D:4)
  A hound skeleton (D:4)
  A howler monkey skeleton (D:4)
  3 gnolls (D:3)
  5 adders
  An ooze (D:3)
  A worm (D:3)
  2 dart slugs (D:2)
  3 leopard geckos
  9 orcs
  7 bats
  5 giant cockroaches
  7 goblins
  6 hobgoblins (D:1)
  6 jackals
  8 kobolds
  A quokka (D:4)
  A ball python (D:2)
  3 frilled lizards
  A leopard gecko skeleton (D:4)
  7 rats
87 creatures vanquished.

Notes
Turn   | Place    | Note
-------+----------+-------------------------------------------
     0 | D:1      | poirepourri the Deep Elf Fighter began the quest for the
                  | Orb.
     0 | D:1      | Reached XP level 1. HP: 13/13 MP: 3/3
    30 | D:1      | Reached skill level 2 in Axes
   328 | D:1      | Reached XP level 2. HP: 2/18 MP: 4/4
  1141 | D:1      | Reached XP level 3. HP: 18/22 MP: 5/5
  1249 | D:2      | Reached skill level 3 in Axes
  1734 | D:2      | Found a runed door.
  1965 | D:2      | Found a deep blue altar of Sif Muna.
  2113 | D:2      | Noticed Crazy Yiuf
  2123 | D:2      | Killed Crazy Yiuf
  2123 | D:2      | Reached XP level 4. HP: 4/27 MP: 6/6
  2717 | D:3      | Reached skill level 4 in Axes
  3118 | D:3      | Reached XP level 5. HP: 22/31 MP: 7/7
  3511 | D:4      | Reached skill level 5 in Axes
  3514 | D:4      | Reached XP level 6. HP: 17/36 MP: 8/8
  3856 | D:4      | Reached skill level 6 in Axes
  3908 | D:4      | Noticed a slave
  3908 | D:4      | Noticed a slave
  3909 | D:4      | Noticed a slave
  3910 | D:4      | Noticed Pikel
  3911 | D:4      | Noticed a slave
  4252 | D:4      | Mangled by Pikel

Vault maps used:
D:1:      dpeg_arrival_rooms_c, nrook_mini_vaults
D:2:      lemuel_blue_sif_altar, first_ration, kennysheep_boxes,
          uniq_crazy_yiuf_cottage
D:3:      roderic_serpentine_path
D:4:      makhleb_heckhound_becter, uniq_pikel

Skill      XL: |  1  2  3  4  5  6 |
---------------+-------------------+-----
Axes           | 2 3 4 5 6 |  6.3
Fighting       | |  2.4
Armour         | |  2.4
Shields        | |  2.4

Action                   |  1- 3 |  4- 6 || total
-------------------------+-------+-------++-------
Melee: War axe           |   109 |   176 ||   285
  Use: Potion            |     2 |     7 ||     9
       Scroll            |     7 |       ||     7
  Eat: Ration            |     1 |     4 ||     5
Armor: Scale mail        |    43 |    50 ||    93
       Skin              |     6 |    29 ||    35
Dodge: Dodged            |    31 |    43 ||    74
Block: Shield            |    50 |   126 ||   176

Table legend:
 A = Non-vault XP
 B = Vault XP
 C = Vault XP percentage of total XP
 D = Non-vault monster count
 E = Vault monster count
 F = Vault count percentage of total count
                 A         B        C        D         E       F
            +---------+---------+-------+---------+---------+-------
      Total |     638 |      83 |  11.5 |      85 |       2 |   2.3
            +---------+---------+-------+---------+---------+-------
        D:1 |      44 |       0 |   0.0 |      26 |       0 |   0.0
        D:2 |      44 |      41 |  48.2 |      12 |       1 |   7.7
        D:3 |      97 |       0 |   0.0 |      25 |       0 |   0.0
        D:4 |     453 |      42 |   8.5 |      22 |       1 |   4.3
            +---------+---------+-------+---------+---------+-------
